cohdb
Replays
Latest Replays
All Replays
Popular Replays
Top Player Replays
Match Explorer
How It Works
Community
CoH3 Stats
Reddit
Sign in to upload your games and track your stats! →
Sign in with Steam
Match 45436766
Unlisted
Match 45436766
Overview
Messages
Build Orders
End
Kradschützen Motorcycle Team
Selects Italian Infantry
Panzergrenadier Squad
Panzergrenadier Squad
Construct Light Support Kompanie
2.5-tonne Medical Truck
Assault Grenadier Squad
Selects Guastatori Squad
Panzerjäger Mechanized Group
Combat Half-tracks
Guastatori Squad
Construct Mechanized Kompanie
Selects Defensive Operations
Selects L6/40 Light Tank Combat Group
L6/40 Light Tank Combat Group
Vehicle Survival Package
Construct Panzerarmee Kommand
Selects Territory Booby Traps
Selects Obice 305mm Barrage
Obice 305mm Barrage
Walking Stuka Rocket Launcher
Guastatori Squad
Suweren
Vevlex
Romulus
Cooper
Dreamerpython
mace87
Shaka
Zeke
0
0
Comments
sign in to comment!
No comments posted yet!